AoeStats
← ThunderboltX

Arabia

510626853Analyzed
1v1 RM · 14h ago on Oct 1, 2026· 56m 57s· 2 players
Game mode
Random Map
Map size
Tiny (2 player)
Population
200
Speed
Normal
Resources
Standard
Victory
Conquest
Starting age
Dark Age
Ending age
Imperial Age
RankedLock teamsTeams togetherTeam positionsShared explorationLock speedFull tech treeHidden civsTurbo modeCheats
Victory
Defeat
🇧🇬 Koreans · Bulgaria
2562
+16
🇧🇷 Muisca · Brazil
2562
-16
Gabi
7:18 Loom
9:30 Feudal Age
9:48 Champi Runner
10:23 Double-Bit Axe
19:29 Castle Age
17:40 Horse Collar
18:14 Fletching
18:59 Padded Archer Armor
20:07 Bodkin Arrow
20:05 Elite Skirmisher
21:29 Wheelbarrow
21:39 Bow Saw
21:56 Town Watch
26:03 Sanctity
27:40 Gold Mining
32:00 Imperial Age
29:48 Redemption
31:58 Champi Warrior
32:38 Squires
32:40 Scale Mail Armor
32:51 Forging
32:43 Bracer
34:06 Chemistry
34:20 Ballistics
34:56 Scale Mail Armor
35:56 Block Printing
36:51 Chain Mail Armor
37:10 Elite Champi Warrior
38:55 Plate Mail Armor
39:09 Fervor
40:45 Forging
43:02 Leather Archer Armor
47:12 Masonry
47:34 Conscription
48:46 Iron Casting
48:39 Thumb Ring
49:40 Capped Ram
52:03 Two-Man Saw
51:49 Huaracas
52:31 Herbalism
ThunderboltX
5:45 Loom
8:21 Feudal Age
9:00 Double-Bit Axe
11:16 Horse Collar
19:05 Castle Age
17:33 Fletching
17:49 Gold Mining
19:41 Bodkin Arrow
20:00 Bow Saw
20:32 Elite Skirmisher
22:40 Wheelbarrow
25:45 Town Watch
31:34 Imperial Age
29:17 Elite Skirmisher
30:36 Ballistics
32:35 Bracer
33:36 Chemistry
33:17 Squires
33:19 Scale Mail Armor
33:29 Forging
34:55 Chain Mail Armor
35:57 Hand Cart
36:17 Heavy Plow
37:03 Plate Mail Armor
37:08 Iron Casting
37:47 Masonry
39:01 Iron Casting
39:44 Siege Engineers
43:50 Gold Shaft Mining
45:55 Guilds
45:34 Elite Fire Lancer
46:41 Arrowslits
47:27 Architecture
51:55 Conscription
51:37 Eupseong
54:32 Treadmill Crane
Connection lost

Rejoining the realm…

Still unreachable

The connection could not be restored.

Session expired

The server has moved on; the page needs a fresh start.